 Dungeon Crawl Stone Soup version 0.26-a0-394-g0b5ff556b1 (webtiles) character file.

Game seed: 18402053755317712820

23 MrRokkomies the Chiller (level 2, 0/23 HPs)
             Began as a Demigod Ice Elementalist on July 23, 2020.
             Slain by an ufetubus (4 damage)
             ... on level 2 of the Dungeon.
             The game lasted 00:02:04 (899 turns).

MrRokkomies the Chiller (Demigod Ice Elementalist)   Turns: 899, Time: 00:02:05

Health: 0/23       AC:  2    Str: 11    XL:     2   Next: 57%
Magic:  7/7        EV: 13    Int: 19    God:
Gold:   45         SH:  0    Dex: 16    Spells: 3/4 levels left

rFire    . . .     SeeInvis .   e - +0 mace
rCold    . . .     Faith    .   (no shield)
rNeg     + . .     Spirit   .   a - +0 robe
rPois    .         Reflect  .   (no helmet)
rElec    .         Harm     .   (no cloak)
rCorr    .                      (no gloves)
MR       .....                  (no boots)
Stlth    ++........             (no amulet)
HPRegen  0.07/turn              b - ring of positive energy
MPRegen  0.10/turn              (no ring)

@: no status effects
A: high mp 1
a: no special abilities


You were on level 2 of the Dungeon.
You visited 1 branch of the dungeon, and saw 2 of its levels.

You collected 45 gold pieces.

Inventory:

Hand Weapons
 e - a +0 mace (weapon)
Armour
 a - a +0 robe (worn)
Jewellery
 b - a ring of positive energy (left hand)


   Skills:
 * Level 1.2 Fighting
 + Level 2.1 Dodging
 - Level 1.7 Stealth
 - Level 1.7 Spellcasting
 * Level 3.9 Ice Magic


You had 3 spell levels left.
You knew the following spells:

 Your Spells              Type           Power        Failure   Level
a - Freeze                Ice            ###.         3%          1

Your spell library contained the following spells:

 Spells                   Type           Power        Failure   Level
 Frozen Ramparts          Ice            ###...       10%         3
 Ozocubu's Armour         Ice            ###.....     10%         3
 Hailstorm                Conj/Ice       #.......     58%         4
 Summon Ice Beast         Ice/Summ       #.......     58%         4


Dungeon Overview and Level Annotations

Branches:
Dungeon (2/15)


Innate Abilities, Weirdness & Mutations

You have an increased reservoir of magic. (+10% MP)


Message History

The ufetubus hits you.
* * * LOW HITPOINT WARNING * * *
The ufetubus closely misses you. The ufetubus hits you.
* * * LOW HITPOINT WARNING * * *
A kobold comes into view.
It is wielding a +1 dagger of electrocution.
You aren't carrying any potions.
As you read the scroll of fear, it crumbles to dust.
You assume a fearsome visage.
The ufetubus is unaffected.
The kobold looks frightened!
The kobold shouts!
The ball python looks frightened!
The ufetubus closely misses you.
The ufetubus hits you but does no damage.
The ufetubus barely misses you. x2
The kobold starts to cry.
The kobold screams, "Help!"
You barely miss the ufetubus.
The ufetubus is severely wounded.
The ufetubus hits you but does no damage.
The ufetubus closely misses you. The ufetubus hits you.
You die...

### ###### #<# #....#
#.# #@# #.# ### #5# #.#
.....#.##############.#
#.......)†..............
#>...........#.#######.#
####..######.#... #.#
#... ..###.# #.# ...K#
#... .# #.# ..... ..#..
# #.#


You could see an ufetubus and a kobold (fleeing).

Vanquished Creatures
  A gnoll (D:1)
  A ball python (D:1)
  A giant cockroach (D:2)
  A goblin (D:1)
  3 hobgoblins (D:1)
  4 bats (D:1)
  A kobold (D:2)
  A rat (D:1)
13 creatures vanquished.

Notes
Turn   | Place    | Note
-------+----------+-------------------------------------------
     0 | D:1      | MrRokkomies the Demigod Ice Elementalist began the quest
                  | for the Orb.
     0 | D:1      | Reached XP level 1. HP: 14/14 MP: 5/5
   116 | D:1      | Reached XP level 2. HP: 16/22 MP: 2/7
   461 | D:1      | Reached skill level 1 in Fighting
   899 | D:2      | Slain by an ufetubus

Illustrated notes

Levels and vault maps discovered:
D:1:      minmay_arrival_nine_rooms, layout_loops_cross,
          chequers_serial_rivers_room_a
D:2:      layout_basic, lemuel_round_altar, chequers_ecumenical_altar_island

Skill      XL: |  1  2 |
---------------+-------+-----
Dodging        | 2 |  2.1
Fighting       | 1 |  1.2
Stealth        | |  1.7
Spellcasting   | |  1.7
Ice Magic      | |  3.9

Action                   || total
-------------------------++-------
Melee: Unarmed           ||     9
       Mace              ||    24
 Cast: Freeze            ||     5
  Use: Scroll            ||     5
 Stab: Sleeping          ||     1
Armor: Robe              ||     9
Dodge: Dodged            ||    44

Table legend: (Time is in decaauts)
 A = Elapsed time spent in this place.
 B = Non-inter-level travel time spent in this place.
 C = Inter-level travel time spent in this place.
 D = Time resting spent in this place.
 E = Time spent auto-exploring this place.
 F = Levels seen in this place.
 G = Mean time per level.
                   A        B        C        D        E       F      G
               +--------+--------+--------+--------+--------+-----+--------+
         Total |    906 |    880 |     26 |     47 |    711 |   2 |  453.0 |
       Dungeon |    906 |    880 |     26 |     47 |    711 |   2 |  453.0 |
               +--------+--------+--------+--------+--------+-----+--------+

Top non-repeatable levels by time:
     D:1: 809 daAuts
     D:2: 97 daAuts
